 Dungeon Crawl Stone Soup version 0.19-a0-1127-gac58878 (webtiles) character file.

30 epen the Ducker (level 3, -1/17 HPs)
             Began as a Felid Abyssal Knight on Aug 12, 2016.
             Was a Believer of Lugonu.
             Shot with a stone by a goblin (4 damage)
             ... on level 2 of the Dungeon.
             The game lasted 00:01:45 (1264 turns).

epen the Ducker (Felid Abyssal Knight)              Turns: 1264, Time: 00:01:46

Health: -1/17      AC:  1    Str:  8    XL:     3   Next: 3%
Magic:  5/5        EV: 18    Int: 13    God:    Lugonu [**....]
Gold:   65         SH:  0    Dex: 16    Spells: 0 memorised, 2 levels left
                                        Lives:  0   Deaths: 0

rFire  . . .     SeeInvis +       - Unarmed
rCold  . . .     Gourm    .     (armour unavailable)
rNeg   . . .     Faith    .     (shield unavailable)
rPois  .         Spirit   .     (helmet unavailable)
rElec  .         Dismiss  .     (cloak unavailable)
rCorr  .         Reflect  .     (gloves unavailable)
SustAt .         Harm     .     (boots unavailable)
MR     .....                    (no amulet)
Stlth  ++........               (no ring)
                                (no ring)

@: quick
A: no armour, no weapons or thrown items, claws 1, fangs 3, see invisible,
carnivore 3, speed 1, shaggy fur 1, slow metabolism 1, sharp paws
a: Depart the Abyss, Bend Space, Renounce Religion


You were on level 2 of the Dungeon.
You worshipped Lugonu.
Lugonu was pleased with you.
You were very full.

You visited 1 branch of the dungeon, and saw 3 of its levels.
You visited the Abyss 1 time.

You collected 65 gold pieces.

Inventory:

Jewellery
 j - an uncursed ring of sustain attributes {unknown}
Scrolls
 e - a scroll of identify {unknown}
 g - a scroll of amnesia {unknown}
 h - a scroll of immolation {unknown}
Potions
 b - a potion of might {unknown}
 c - a potion of flight {unknown}
 d - 2 potions of magic {unknown}
 f - a potion of haste {unknown}
 i - a potion of brilliance {unknown}
Comestibles
 a - 2 meat rations


   Skills:
 + Level 3.2 Fighting
 + Level 3.3 Dodging
 * Level 2.6 Unarmed Combat
 * Level 2.5 Invocations


You had 2 spell levels left.
You didn't know any spells.

Dungeon Overview and Level Annotations

Branches:
Dungeon (3/15)

Altars:


Innate Abilities, Weirdness & Mutations

You cannot wear armour.
You are incapable of wielding weapons or throwing items.
You have sharp claws.
You have razor-sharp teeth.
You have supernaturally acute eyesight. (SInv)
You are carnivorous and can eat meat at any time.
You cover ground quickly.
You are covered in fur. (AC +1)
You have a slow metabolism.
Your sharp claws are effective at attacking unaware monsters.


Message History

Found a scroll labeled GEKHLI DIMOSIRCH.
Found a scroll labeled HUCROESERPH.
Found 18 stones.
There is a stone staircase leading down here.
You climb downwards.
An adder comes into view.
Found a scroll labeled MIHURCHIFIL and 20 arrows.
There is a stone staircase leading up here.
Found a dagger.
A giant gecko comes into view.
There is a stone staircase leading up here.
You climb upwards.
The kobold completely misses you.
There is a stone staircase leading down here.
The goblin shoots a stone.
The stone closely misses you.
You see here a stone.
The goblin closely misses you.
The goblin shoots a stone.
The stone closely misses you.
You see here a club.
The goblin shoots a stone.
The stone hits you.
You die...

###.### ..........
#......##..##..#..♣..
#................♣P..
#..?..................
##..#>..#...#........
#......(.(............
#.?.#####................
.. #....K..............
#.#.gg)@............
##'##................
##8(8##..............#
##..g..##..g..........#
##8.....8##....<.......#
##......[..##...........#
#8....(....8#..........#
+.....).....'...#.....##
#8^........8#..########


You could see a hobgoblin, 2 goblins and a kobold.

Vanquished Creatures
  2 dart slugs
  4 goblins (D:1)
  5 hobgoblins
  2 jackals (D:1)
  3 kobolds (D:1)
  4 bats
  5 rats (D:1)
25 creatures vanquished.

Notes
Turn   | Place    | Note
-------+----------+-------------------------------------------
     0 | Abyss:1  | epen the Felid Abyssal Knight began the quest for the Orb.
     0 | Abyss:1  | Reached XP level 1. HP: 10/10 MP: 3/3
    16 | D:1      | Escaped the Abyss
   551 | D:1      | Reached XP level 2. HP: 14/14 MP: 4/4
  1135 | D:1      | Reached ** piety under Lugonu
  1197 | D:2      | Reached XP level 3. HP: 11/17 MP: 5/5
  1264 | D:2      | Shot with a stone by a goblin

Vault maps used:
D:1:      shiori_arrival_maze
D:2:      nicolae_overflow_hidden_temple, serial_forest,
          infiniplex_forest_corner_1, infiniplex_forest_clump_tiny,
          infiniplex_forest_lined_room_2, infiniplex_forest_straight_4,
          infiniplex_forest_clump_diagonal, corexii_shack, dk_noncrumbling_4
D:3:      grunt_ministairs_14
Abyss:1:  bh_abyss_exit_choice

Skill      XL: |  1 |
---------------+----+-----
Invocations    | 2 |  2.5
Fighting       | |  3.2
Dodging        | |  3.3
Unarmed Combat | |  2.6

Action                   || total
-------------------------++-------
Melee: Unarmed           ||    65
       Bite              ||     9
 Stab: Sleeping          ||     7
  Eat: Chunk             ||     6
Armor: Skin              ||     1
Dodge: Dodged            ||    48
